 Dungeon Crawl Stone Soup version 0.18-a0-952-g309898a (webtiles) character file.

40 Duffy the Slasher (level 3, -3/24 HPs)
             Began as a High Elf Gladiator on Dec 31, 2015.
             Slain by Sigmund
             ... wielding a +0 scythe
              (8 damage)
             ... on level 2 of the Dungeon.
             The game lasted 00:01:51 (1803 turns).

Duffy the Slasher (High Elf Gladiator)              Turns: 1803, Time: 00:01:51

Health: -3/24      AC:  6    Str: 15      XL:     3   Next: 30%
Magic:  4/4        EV: 13    Int: 11 (12) God:
Gold:   89         SH:  0    Dex: 15      Spells: 0 memorised, 2 levels left

rFire  . . .     SeeInvis .     a - +0 long sword
rCold  . . .     Gourm    .     b - +0 leather armour
rNeg   . . .     Faith    .     (no shield)
rPois  .         Spirit   .     c - +0 helmet
rElec  .         Dismiss  .     o - +0 cloak
rCorr  .         Reflect  .     m - +0 pair of gloves
SustAt .         Harm     .     (no boots)
MR     .....                    (no amulet)
Stlth  +.........               (no ring)
                                (no ring)

@: not resistant to hostile enchantments, very unstealthy
A: no striking features
a: no special abilities


You were on level 2 of the Dungeon.
You were not hungry.

You visited 1 branch of the dungeon, and saw 2 of its levels.

You collected 89 gold pieces.


   Skills:
 - Level 2.0 Fighting
 + Level 5.3 Long Blades
 - Level 2.0 Throwing
 - Level 3.2 Dodging


You had 2 spell levels left.
You didn't know any spells.

Inventory:

Hand Weapons
 a - a +0 long sword (weapon)
Missiles
 j - 21 poisoned needles
Armour
 b - a +0 leather armour (worn)
 c - a +0 helmet (worn)
 i - a fire dragon hide
 m - a +0 pair of gloves (worn)
 o - a +0 cloak (worn)
Scrolls
 e - 2 scrolls of enchant armour {unknown}
 p - 2 scrolls of recharging {unknown}
 q - a scroll of random uselessness {unknown}
Comestibles
 f - 5 bread rations
 g - a meat ration
 l - a slice of pizza
 r - 2 chunks of flesh

Dungeon Overview and Level Annotations

Branches:
Dungeon (2/15)

Altars:

Annotations:
D:2 Sigmund


Message History

Something tries to affect you, but you resist.
You miss something.
You hear some strange, mumbled words.
A puff of flame appears from out of thin air!
The puff of flame hits you! Something completely misses you.
Drink which item? (? for menu, Esc to quit)
It was a potion of curing.
You feel better.
You hit something. Something hits you.
You miss something. Something hits you.
You barely miss something. Something barely misses you.
Drink which item? (? for menu, Esc to quit)
You feel better.
You barely miss something.
You hear some strange, mumbled words.
Something tries to affect you, but you resist.
You hit something but do no damage. Something hits you.
You slash something! Something hits you!
You closely miss something. Something hits you.
Drink which item? (? for menu, Esc to quit)
It was a potion of heal wounds.
You feel much better.
You closely miss something.
You hear some strange, mumbled words.
Something tries to affect you, but you resist.
You hit something but do no damage. Something hits you but does no damage.
You hit something. Something hits you!
You hit something. Something hits you!
You hit something. You closely miss something. Something hits you.
Something completely misses you.
Drink which item? (? for menu, Esc to quit)
It was a potion of degeneration.
There was something very wrong with that liquid.
You feel dopey. Something hits you!
You die...

#
#................#
#
##...##..........#
#
#...............##
#..######.........
#..# ##...##.##
#..# ##.# #...
#..# #. ####
#######..# #.
...?..{@.#
########.# #.# #.#
#.# #.# #.# #.#


There were no monsters in sight!

Action                   || total
-------------------------++-------
Melee: Long sword        ||   140
Throw: Throwing net      ||     3
  Use: Potion            ||     4
  Eat: Chunk             ||     3

Notes
Turn   | Place    | Note
--------------------------------------------------------------
     0 | D:1      | Duffy the High Elf Gladiator began the quest for the Orb.
     0 | D:1      | Reached XP level 1. HP: 14/14 MP: 2/2
   146 | D:1      | Reached skill level 4 in Long Blades
   359 | D:1      | Reached XP level 2. HP: 8/19 MP: 3/3
   768 | D:1      | Reached skill level 5 in Long Blades
   894 | D:1      | Reached XP level 3. HP: 22/24 MP: 4/4
  1759 | D:2      | Noticed Sigmund
  1803 | D:2      | Slain by Sigmund

Vault maps used:
D:1:      dpeg_arrival_morbid_curiosity
D:2:      amethyst_killhole, kennysheep_small_spiral, minmay_door_square,
          uniq_sigmund

Vanquished Creatures
  An ooze
  A giant gecko
  4 bats
  8 goblins
  7 hobgoblins
  6 giant newts
  7 kobolds
34 creatures vanquished.
